 Dungeon Crawl Stone Soup version 0.20-a0 (webtiles) character file.

215757 varam the Wrestler (level 18, -10/169 HPs)
             Began as a Troll Monk on Oct 26, 2016.
             Was the Champion of Okawaru.
             Mangled by an ettin
             ... wielding a +0 dire flail
              (17 damage)
             ... on level 2 of the Depths on Oct 27, 2016.
             The game lasted 02:13:04 (33601 turns).

varam the Wrestler (Troll Monk)                    Turns: 33601, Time: 02:13:04

Health: -10/169    AC: 22    Str: 27    XL:     18   Next: 34%
Magic:  17/17      EV: 11    Int:  8    God:    Okawaru [******]
Gold:   2143       SH: 16    Dex: 18    Spells: 0 memorised, 17 levels left

rFire  + . .     SeeInvis .       - Unarmed
rCold  + + .     Gourm    +     x - +3 ice dragon scales
rNeg   . . .     Faith    .     p - +0 shield {AC+3}
rPois  .         Spirit   .     (helmet restricted)
rElec  .         Reflect  +     a - +1 cloak {MR+}
rCorr  .         Harm     .     (gloves unavailable)
MR     +++..     Clarity  +     (boots unavailable)
Stlth  ..........               r - +4 amulet of reflection
                                B - ring of Ejoegad {MR+ Dex+3}
                                t - ring of protection from fire

@: flayed
A: unfitting armour, antennae 1, claws 3, hooves 1, iridescent scales 1, blink,
clarity, clever 1, deformed body, fire resistance 1, fast metabolism 3,
gourmand, sense surroundings 1, regeneration 2, robust 1, shaggy fur 1, tough
skin 2, wild magic 1
a: Blink, Heroism, Finesse, Renounce Religion
}: 1/15 runes: gossamer


You were on level 2 of the Depths.
You worshipped Okawaru.
Okawaru was exalted by your worship.
You were full.

You visited 7 branches of the dungeon, and saw 31 of its levels.
You visited 2 bazaars.
You also visited: Labyrinth, Sewer and Volcano.

You collected 3018 gold pieces.
You spent 875 gold pieces at shops.

Inventory:

Hand Weapons
 D - the +5 dagger "Fuextone" {drain, *Rage +Fly rElec Dex+6}
   (Okawaru gifted it to you on level 3 of the Spider Nest)

   A truly terrible weapon, it drains the life of those it strikes.
   It affects your dexterity (+6).
   It insulates you from electricity.
   It lets you fly.
   It may make you go berserk in combat.
Missiles
 l - 16 tomahawks of returning
 n - 12 large rocks
 C - 2 javelins of returning
 I - 9 silver javelins (quivered)
 V - 5 steel javelins
 W - a throwing net
Armour
 a - a +1 cloak of magic resistance (worn)
 p - a +0 shield of protection (worn)
 x - +3 ice dragon scales (worn)
 E - quicksilver dragon scales
 T - a +3 shield of reflection
Jewellery
 d - an uncursed ring of stealth
 r - a +4 amulet of reflection (around neck)
 t - a ring of protection from fire (left claw)
 B - the ring of Ejoegad (right claw) {MR+ Dex+3}
   (You acquired it on level 5 of the Lair of Beasts)

   [ring of protection from magic]

   It affects your dexterity (+3).
   It affects your resistance to hostile enchantments.
 M - an uncursed ring of see invisible
 Q - an uncursed ring of protection from magic
 S - an uncursed ring of stealth
 X - an uncursed ring of positive energy
Wands
 y - a wand of teleportation (3/9)
Scrolls
 e - 7 scrolls of fear
 j - a scroll of silence
 o - 7 scrolls of fog
 q - 12 scrolls of remove curse {@r2}
 s - 4 scrolls of identify {@r1}
 u - 9 scrolls of teleportation
 A - a scroll of summoning
 J - 5 scrolls of blinking
 K - 2 scrolls of amnesia
 L - a scroll of recharging
 O - 2 scrolls of magic mapping
 P - a scroll of immolation
 U - 2 scrolls of enchant weapon
 Z - 2 scrolls of brand weapon
Potions
 b - a potion of invisibility
 c - 5 potions of curing {@q1}
 g - 4 potions of heal wounds
 h - 5 potions of cancellation
 i - 9 potions of lignification
 m - 4 potions of haste
 v - a potion of resistance
 w - 9 potions of agility
 F - 5 potions of might
Comestibles
 k - 5 bread rations


   Skills:
 - Level 4.6 Fighting
 - Level 6.1 Throwing
 - Level 10.9 Armour
 - Level 5.0 Dodging
 - Level 1.0 Stealth
 - Level 9.4 Shields
 * Level 24.9 Unarmed Combat


You had 17 spell levels left.
You didn't know any spells.

Dungeon Overview and Level Annotations

Branches:
Dungeon (15/15)            Temple (1/1) D:6            Lair (6/6) D:10
  Swamp (1/4) Lair:2       Spider (4/4) Lair:3        Slime (0/5) Lair:6
    Orc (2/2) D:12            Elf (0/3) Orc:2        Vaults (0/5) D:13
 Depths (2/5) D:15

Altars:
Ashenzari
Elyvilon
Hepliaklqana
Nemelex Xobeh
Okawaru
Ru
Sif Muna
Trog
Beogh

Shops:
D:12 *   Orc:2 ?***   Depths:2 [

Portals:
Hell: Depths:1 Depths:2
Pandemonium: Depths:1

Annotations:
D:14 Agnes
Spider:1 exclusion: ice statue


Innate Abilities, Weirdness & Mutations

You are too large for most types of armour.
You have claws for hands.
Your metabolism is lightning-fast.
You like to eat raw meat.
You heal very quickly.
You are covered in fur. (AC +1)
You have very tough skin. (AC +2)
You have a pair of small antennae on your head.
You have large cloven feet.
You are partially covered in iridescent scales. (AC +2)
You can translocate small distances at will.
You possess an exceptional clarity of mind.
Your mind is acute. (Int +2)
Armour fits poorly on your strangely shaped body.
Your flesh is heat resistant. (rF+)
You passively map a small area around you.
You are robust. (+10% HP)
Your spells are a little harder to cast, but a little more powerful.


Message History

The ettin completely misses you. The ettin hits you with a dire flail!!
The ettin hits you with a dire flail. You block the ettin's attack.
You block the rakshasa's attack. The rakshasa hits you with a trident.
The flayed ghost cries, "Suffer as I suffered!"
Terrible wounds spread across more of your body!
You claw the rakshasa!
You kick the rakshasa, but do no damage.
The rakshasa is severely wounded.
The flayed ghost stares at you with tortured malice.
Terrible wounds spread across more of your body!
* * * LOW HITPOINT WARNING * * *
You scratch the rakshasa but do no damage.
Your kick misses the rakshasa.
The rakshasa is heavily wounded.
You block the ettin's attack. The ettin hits you with a dire flail.
* * * LOW HITPOINT WARNING * * *
The ettin hits you with a dire flail!!
* * * LOW HITPOINT WARNING * * *
The ettin closely misses you. The ettin hits you with a dire flail!
You die...

.......+.[)...## , *
.......###...## , ,.# ,
.........#.#..## , ?# *
.........#.#...## .# ,
...........#....## .# ,
...........#.....##.## *
...........#......#..##
######.....#...RRC#...## ,
*, .........#.)...R@C'W...#
, .........#.......C#W....#
* .........#.#......#.......
.........#.#......#######.,
,,,#
...........##...........## ,
,##
##############...........##,
##. ## ##...........##{##..
.### **###...........###...
...## ................#....


You could see 3 ettins, 3 rakshasas and 2 flayed ghosts.

Vanquished Creatures
  Arachne (Spider:3)
  Rupert (D:13)
  A tengu reaver (Depths:2)
  Donald (Spider:3)
  4 fire giants
  3 frost giants
  3 ghost moths
  A cacodemon (Depths:1)
  9 emperor scorpions
  An orc warlord (Orc:1)
  8 very ugly things (Depths:1)
  The ghost of HumanBeing the Fencer, a journeyman HuBe of Trog (Depths:1)
  2 entropy weavers (Spider:3)
  A stone giant (Depths:1)
  2 vampire knights
  Azrael (Orc:2)
  2 spark wasps (Spider:2)
  3 ettins (Depths:1)
  A minotaur (Lab)
  A fire dragon (Depths:1)
  A great orb of eyes (Depths:1)
  2 jiangshi (Depths:1)
  2 vault guards (D:13)
  A monstrous demonspawn (Depths:1)
  Erolcha (D:9)
  An ice dragon (Depths:1)
  A rakshasa (Depths:2)
  Harold (D:10)
  4 catoblepae
  2 hydras
  4 centaur warriors
  12 death yaks (Lair:6)
  2 alligators (Swamp:1)
  A deep troll shaman (Depths:1)
  A spriggan berserker (Depths:1)
  2 vampire magi
  3 orc high priests (Orc:2)
  7 hell knights (Depths:2)
  2 soul eaters (Depths:1)
  2 spriggans (Depths:1)
  An iron troll (Depths:1)
  A glowing orange brain (Depths:2)
  2 deep trolls (Depths:1)
  An unseen horror (D:14)
  2 wizards
  A flayed ghost (Depths:2)
  6 hill giants
  A swamp dragon (Swamp:1)
  A deep elf mage (D:15)
  4 necromancers
  2 wolf spider zombies (D:15)
  2 phantasmal warriors (Depths:2)
  An iron dragon zombie (Depths:1)
  6 orc knights
  27 ugly things
  25 orb spiders
  4 orc sorcerers
  39 wolf spiders
  4 salamanders (Volcano)
  A cyclops (D:15)
  An elephant (shapeshifter) (D:13)
  9 elephants
  2 moths of wrath
  3 black mambas
  A torpor snail (Spider:3)
  8 spiny frogs
  5 gargoyles
  13 demonic crawlers
  A freezing wraith (D:15)
  3 yaktaurs
  2 hellwings (Depths:1)
  4 komodo dragons
  An efreet (D:13)
  2 rime drakes
  7 trolls
  30 jumping spiders
  A queen bee (shapeshifter) (Depths:1)
  The ghost of hairmachine the Cleaver, an amateur HOAK of Lugonu (D:4)
  2 tyrant leeches (Lair:2)
  4 two-headed ogres
  A wind drake (shapeshifter) (D:13)
  A polar bear (Lair:4)
  A fire dragon zombie (Depths:1)
  5 hornets
  4 hippogriffs
  A bog body (Swamp:1)
  90 redbacks
  13 flying skulls (D:14)
  A meliai zombie (D:14)
  A centaur simulacrum (D:15)
  A ynoxinul (Depths:1)
  A shadow (D:13)
  A spriggan (shapeshifter) (D:15)
  19 humans (D:13)
  6 vampires
  40 tarantellas
  4 wyverns
  3 fire elementals
  2 wraiths
  39 yaks
  Eustachio (D:6)
  5 fire bats
  3 basilisks
  7 vampire mosquitoes
  4 swamp worms (Lair:2)
  2 wargs (Orc:1)
  Duvessa (D:4)
  7 water moccasins
  8 porcupines
  5 hell hounds
  3 ice beasts
  A black bear (shapeshifter) (Depths:2)
  37 orc warriors
  3 sky beasts
  2 black bears
  A hornet zombie (D:12)
  20 ogres
  A necrophage (D:7)
  2 eyes of draining (D:13)
  4 phantoms
  The ghost of varam the Insei, an amateur DsMo (D:3)
  A boggart (Depths:1)
  7 wolves
  17 centaurs
  17 crocodiles
  A big kobold (D:10)
  18 bullfrogs
  A bullfrog (shapeshifter) (Depths:2)
  A water moccasin zombie (D:10)
  Dowan (D:4)
  4 scorpions
  10 killer bees
  5 wights (D:11)
  2 electric eels (Spider:3)
  5 howler monkeys
  10 crimson imps
  A quasit (Depths:1)
  4 lava snakes (Lab)
  5 centaur zombies
  4 jellies
  3 hounds
  2 iron imps (Depths:1)
  A bullfrog zombie (D:9)
  19 orc priests
  A gnoll shaman (D:6)
  5 human zombies
  20 orc wizards
  3 centaur skeletons
  2 bullfrog skeletons
  3 iguanas
  10 worker ants
  A killer bee zombie (D:7)
  A hound skeleton (D:4)
  A worker ant zombie (D:11)
  7 gnolls
  20 adders
  8 shadow imps
  A white imp (Depths:2)
  An ufetubus (Depths:1)
  13 oozes (Sewer)
  3 adder skeletons
  A worm (D:3)
  7 dart slugs
  11 leopard geckos
  88 orcs
  21 giant cockroaches
  10 goblins
  7 hobgoblins
  9 jackals
  5 kobolds
  4 quokkas
  14 ball pythons
  14 bats
  11 frilled lizards
  A jackal zombie (D:5)
  A leopard gecko skeleton (D:4)
  5 rats
1130 creatures vanquished.

Vanquished Creatures (others)
  An ettin (Depths:1)
  A centaur warrior (D:15)
  2 hill giants (D:15)
  6 yaktaurs
  A wyvern (shapeshifter) (D:15)
  A mottled dragon (D:15)
  A bullfrog (D:15)
  2 orcs (Orc:2)
  A fungus (Lair:5)
  17 plants
33 creatures vanquished.

Grand Total: 1163 creatures vanquished

Notes
Turn   | Place    | Note
-------+----------+-------------------------------------------
     0 | D:1      | varam the Troll Monk began the quest for the Orb.
     0 | D:1      | Reached XP level 1. HP: 22/22 MP: 0/0
    31 | D:1      | Reached XP level 2. HP: 26/29 MP: 1/1
    46 | D:1      | Reached skill level 4 in Unarmed Combat
   168 | D:1      | Reached XP level 3. HP: 36/36 MP: 2/2
   720 | D:2      | Found a faded altar of an unknown god.
  1041 | D:2      | Found a sparkling altar of Nemelex Xobeh.
  1530 | D:3      | Reached XP level 4. HP: 44/44 MP: 3/3
  1549 | D:3      | Noticed a phantom
  1553 | D:3      | Noticed varam's ghost (amateur DsMo)
  1586 | D:3      | Killed a phantom
  1586 | D:3      | Reached skill level 5 in Unarmed Combat
  1586 | D:3      | Reached XP level 5. HP: 50/50 MP: 4/4
  1661 | D:3      | Killed varam's ghost
  1661 | D:3      | Reached skill level 6 in Unarmed Combat
  2178 | D:3      | Reached XP level 6. HP: 59/59 MP: 5/5
  2495 | D:4      | Reached skill level 7 in Unarmed Combat
  2650 | D:4      | Noticed hairmachine's ghost (amateur HOAK)
  2665 | D:5      | Entered Level 5 of the Dungeon
  2665 | D:5      | Noticed Duvessa
  2665 | D:5      | Noticed Dowan
  3014 | D:4      | Reached skill level 8 in Unarmed Combat
  3014 | D:4      | Reached XP level 7. HP: 66/66 MP: 6/6
  3446 | D:4      | Killed hairmachine's ghost
  3446 | D:4      | Reached skill level 9 in Unarmed Combat
  3479 | D:4      | Killed Duvessa
  3479 | D:4      | Reached skill level 1 in Throwing
  3488 | D:4      | Killed Dowan
  3674 | D:5      | Reached XP level 8. HP: 70/74 MP: 7/7
  4267 | D:5      | Reached skill level 10 in Unarmed Combat
  4397 | D:6      | Noticed Eustachio
  4493 | D:6      | Killed Eustachio
  4649 | D:6      | Reached skill level 5 in Throwing
  4656 | D:6      | Found a staircase to the Ecumenical Temple.
  4663 | Temple   | Entered the Ecumenical Temple
  4739 | Temple   | Became a worshipper of Warmaster Okawaru
  4739 | Temple   | Reached * piety under Okawaru
  4739 | Temple   | Reached ** piety under Okawaru
  4819 | D:6      | Reached XP level 9. HP: 73/80 MP: 6/8
  4824 | D:6      | Got a polished great mace
  4844 | D:6      | Found a glowing drain.
  4879 | Sewer    | Entered a sewer
  5234 | Sewer    | Reached skill level 11 in Unarmed Combat
  5669 | D:7      | Reached skill level 1 in Armour
  5862 | D:7      | Noticed a gargoyle
  5868 | D:7      | Reached *** piety under Okawaru
  5874 | D:7      | Killed a gargoyle
  5938 | D:7      | Reached XP level 10. HP: 88/88 MP: 9/9
  5944 | D:7      | Reached skill level 12 in Unarmed Combat
  6034 | D:7      | Reached **** piety under Okawaru
  7344 | D:9      | Reached skill level 5 in Armour
  7724 | D:9      | Noticed Erolcha
  7739 | D:9      | Killed Erolcha
  7739 | D:9      | Received a gift from Okawaru
  7748 | D:9      | Identified the cursed +0 great mace of the Snake Pit {pain, rPois MP-9 Int-2 Dex+8} (You found it on level 6 of the Dungeon)
  7781 | D:9      | Reached ***** piety under Okawaru
  7804 | D:9      | Reached skill level 13 in Unarmed Combat
  8100 | D:10     | Entered Level 10 of the Dungeon
  8435 | D:10     | Noticed Harold
  8449 | D:10     | Noticed a hill giant
  8451 | D:10     | Killed Harold
  8451 | D:10     | Reached XP level 11. HP: 84/94 MP: 7/10
  8460 | D:10     | Killed a hill giant
  8527 | D:10     | Found a staircase to the Lair.
  9024 | D:11     | Received a gift from Okawaru
  9032 | D:11     | Got a dazzling trident {god gift}
  9033 | D:11     | Identified the +0 trident "Grim Tooth" {pierce, -Tele rC++} (Okawaru gifted it to you on level 11 of the Dungeon)
  9241 | D:11     | Gained mutation: Your system is resistant to poisons. (rPois) [mutagenic meat]
  9242 | D:11     | Gained mutation: You are partially covered in slimy green scales. (AC +2) [mutagenic meat]
  9243 | D:11     | Gained mutation: You are weak. (Str -2) [mutagenic meat]
  9244 | D:11     | Gained mutation: Your flesh is heat resistant. (rF+) [mutagenic meat]
  9245 | D:11     | Gained mutation: You have sharp toenails. [mutagenic meat]
  9246 | D:11     | Gained mutation: Your body sometimes deteriorates upon taking damage. [mutagenic meat]
  9468 | D:11     | Reached skill level 14 in Unarmed Combat
  9740 | D:12     | Found a staircase to the Orcish Mines.
  9785 | D:12     | Noticed a hill giant
  9798 | D:12     | Killed a hill giant
 10142 | D:12     | Noticed an eight-headed hydra
 10233 | D:13     | Lost mutation: You have sharp toenails. [mutagenic meat]
 10234 | D:13     | Gained mutation: You possess an exceptional clarity of mind. [mutagenic meat]
 10235 | D:13     | Gained mutation: You have a pair of small antennae on your head. [mutagenic meat]
 10236 | D:13     | Gained mutation: Your mind is acute. (Int +2) [mutagenic meat]
 10255 | D:13     | Noticed a hill giant
 10267 | D:13     | Killed a hill giant
 10290 | D:13     | Noticed a hill giant
 10302 | D:13     | Killed a hill giant
 10302 | D:13     | Received a gift from Okawaru
 10388 | D:13     | Lost mutation: Your body sometimes deteriorates upon taking damage. [mutagenic meat]
 10425 | D:13     | Noticed a centaur warrior
 10443 | D:13     | Killed a centaur warrior
 10443 | D:13     | Reached XP level 12. HP: 103/104 MP: 0/11
 10456 | D:13     | Found a roughly hewn altar of Beogh.
 10636 | D:13     | Reached skill level 15 in Unarmed Combat
 10768 | D:13     | Noticed Rupert
 11115 | D:12     | Killed an eight-headed hydra
 11439 | D:12     | Gained mutation: You have an increased reservoir of magic. (+10% MP) [mutagenic meat]
 11440 | D:12     | Lost mutation: Your system is resistant to poisons. (rPois) [mutagenic meat]
 11504 | D:12     | Found Niupi's Island Escapes.
 11577 | D:12     | Gained mutation: You are robust. (+10% HP) [potion of beneficial mutation]
 11578 | D:12     | Gained mutation: Your spells are a little harder to cast, but a little more powerful. [potion of beneficial mutation]
 11838 | D:13     | Reached skill level 10 in Armour
 11977 | D:13     | Killed Rupert
 11977 | D:13     | Received a gift from Okawaru
 11977 | D:13     | Reached ****** piety under Okawaru
 12047 | D:13     | Received a gift from Okawaru
 12053 | D:13     | Reached skill level 16 in Unarmed Combat
 12105 | D:13     | Found a gate to the Vaults.
 12105 | D:13     | Noticed a vault guard
 12105 | D:13     | Noticed a vault guard
 12134 | D:13     | Killed a vault guard
 12156 | D:13     | Killed a vault guard
 12156 | D:13     | Reached XP level 13. HP: 60/121 MP: 10/13
 12440 | D:13     | Reached skill level 1 in Shields
 12572 | D:14     | Gained mutation: Your mind is very acute. (Int +4) [mutagenic meat]
 12573 | D:14     | Lost mutation: You are partially covered in slimy green scales. (AC +2) [mutagenic meat]
 12574 | D:14     | Gained mutation: You are covered in thick fur. (AC +2) [mutagenic meat]
 12575 | D:14     | Lost mutation: You have an increased reservoir of magic. (+10% MP) [mutagenic meat]
 12576 | D:14     | Lost mutation: Your spells are a little harder to cast, but a little more powerful. [mutagenic meat]
 12577 | D:14     | Lost mutation: You have a pair of small antennae on your head. [mutagenic meat]
 12578 | D:14     | Lost mutation: You possess an exceptional clarity of mind. [mutagenic meat]
 12749 | D:14     | Noticed a vampire knight
 12762 | D:14     | Killed a vampire knight
 12763 | D:14     | Received a gift from Okawaru
 12929 | D:14     | Noticed a jiangshi
 12932 | D:14     | Reached skill level 17 in Unarmed Combat
 12992 | D:14     | Noticed Agnes
 13161 | Lair:1   | Entered Level 1 of the Lair of Beasts
 13354 | Lair:1   | Reached skill level 5 in Shields
 13914 | Lair:2   | Found a staircase to the Swamp.
 13967 | Lair:2   | Found a dark tunnel.
 13985 | Volcano  | Entered a volcano
 14950 | Lair:3   | Found a labyrinth entrance.
 14960 | Lab      | Entered a labyrinth
 15173 | Lab      | Reached XP level 14. HP: 103/129 MP: 13/13
 15184 | Lab      | Lost mutation: You are robust. (+10% HP) [potion of mutation]
 15184 | Lab      | Lost mutation: You are weak. (Str -2) [potion of mutation]
 15314 | Lab      | Got a scorched great mace {holy}
 15320 | Lab      | Identified the +9 great mace of Luxury {holy, +Rage rPois Str-5} (You took it off a minotaur in a labyrinth)
 16017 | Lair:3   | Found a hole to the Spider Nest.
 17208 | Lair:5   | Received a gift from Okawaru
 17493 | Lair:5   | Identified a scroll of acquirement
 17497 | Lair:5   | Got a faintly glowing ivory ring
 17500 | Lair:5   | Identified the ring of Ejoegad {MR+ Dex+3} (You acquired it on level 5 of the Lair of Beasts)
 18050 | Lair:6   | Entered Level 6 of the Lair of Beasts
 18087 | Lair:6   | Found a staircase to the Slime Pits.
 18209 | Lair:6   | Reached skill level 18 in Unarmed Combat
 18475 | Lair:6   | Received a gift from Okawaru
 19030 | Lair:6   | Received a gift from Okawaru
 19576 | Lair:6   | Received a gift from Okawaru
 19620 | Lair:6   | Received a gift from Okawaru
 19681 | Lair:6   | Received a gift from Okawaru
 19751 | Lair:6   | Identified the Papyrus of the Eight Beggars
 20111 | Orc:1    | Entered Level 1 of the Orcish Mines
 20370 | Orc:2    | Entered Level 2 of the Orcish Mines
 20370 | Orc:2    | Noticed an orc warlord
 20459 | Orc:1    | Killed an orc warlord
 20459 | Orc:1    | Received a gift from Okawaru
 20459 | Orc:1    | Reached XP level 15. HP: 118/124 MP: 12/14
 20615 | Orc:2    | Noticed Azrael
 20639 | Orc:2    | Killed Azrael
 20860 | Orc:2    | Found a staircase to the Elven Halls.
 20879 | Orc:2    | Found a roughly hewn altar of Beogh.
 21345 | Orc:2    | Reached skill level 19 in Unarmed Combat
 21602 | Orc:2    | Received a gift from Okawaru
 21927 | Orc:2    | Found Ogiuc's Magic Scroll Shop.
 21927 | Orc:2    | Found Qomau's General Store.
 21954 | Orc:2    | Found Deducef's Assorted Antiques.
 21954 | Orc:2    | Found Lumpakeu's General Store.
 21965 | Orc:2    | Bought a scroll of enchant armour for 97 gold pieces
 21969 | Orc:2    | Bought a scroll labeled JUYPHIE KEUVAI for 25 gold pieces
 21969 | Orc:2    | Bought a scroll labeled SUZOXI WYUR for 25 gold pieces
 21971 | Orc:2    | Bought a scroll of identify for 26 gold pieces
 21974 | Orc:2    | Bought a scroll of identify for 50 gold pieces
 21978 | Orc:2    | Bought a scroll of blinking for 97 gold pieces
 22116 | D:15     | Entered Level 15 of the Dungeon
 22163 | D:15     | Found a flickering gateway to a bazaar.
 22180 | Bazaar   | Entered a bazaar
 22232 | Bazaar   | Found Rekk's General Store.
 22251 | Bazaar   | Found Pahaef's Antique Weapon Emporium.
 22268 | Bazaar   | Found Fadghos's Distillery.
 22285 | Bazaar   | Found Borar's Antique Armour Shoppe.
 22337 | Bazaar   | Bought a potion of invisibility for 96 gold pieces
 22337 | Bazaar   | Bought a potion of curing for 36 gold pieces
 22337 | Bazaar   | Bought a potion of resistance for 120 gold pieces
 22337 | Bazaar   | Bought a potion of lignification for 36 gold pieces
 22337 | Bazaar   | Bought a potion of might for 48 gold pieces
 22337 | Bazaar   | Bought a potion of heal wounds for 60 gold pieces
 22337 | Bazaar   | Bought a potion of lignification for 36 gold pieces
 22337 | Bazaar   | Bought a potion of agility for 48 gold pieces
 22337 | Bazaar   | Bought a potion of curing for 36 gold pieces
 22369 | Bazaar   | Bought a scroll of teleportation for 39 gold pieces
 22555 | D:15     | Lost mutation: You are covered in thick fur. (AC +2) [mutagenic meat]
 22556 | D:15     | Gained mutation: You passively map a small area around you. [mutagenic meat]
 22557 | D:15     | Gained mutation: You heal very quickly. [mutagenic meat]
 22558 | D:15     | Gained mutation: You have large cloven feet. [mutagenic meat]
 22559 | D:15     | Gained mutation: You are partially covered in iridescent scales. (AC +2) [mutagenic meat]
 22562 | D:15     | Gained mutation: You have a pair of small horns on your head. [mutagenic meat]
 22563 | D:15     | Lost mutation: You have a pair of small horns on your head. [mutagenic meat]
 22898 | D:15     | Noticed a fire giant
 22903 | D:15     | Found a staircase to the Depths.
 23154 | Spider:1 | Entered Level 1 of the Spider Nest
 23344 | Spider:1 | Noticed a ghost moth
 23352 | Spider:1 | Killed a ghost moth
 23533 | Spider:1 | Reached skill level 5 in Dodging
 23598 | Spider:1 | Received a gift from Okawaru
 24415 | Spider:1 | Reached skill level 20 in Unarmed Combat
 24443 | Spider:1 | Got an ebony lajatang
 24449 | Spider:1 | Identified the +8 lajatang of the Vulture {slice, rN+ Str-4 Stlth+} (You found it on level 1 of the Spider Nest)
 24959 | Spider:1 | Received a gift from Okawaru
 24959 | Spider:1 | Reached XP level 16. HP: 103/140 MP: 15/15
 25106 | Spider:2 | HP: 7/140 [spark wasp (13)]
 25669 | Spider:2 | Received a gift from Okawaru
 25897 | Spider:2 | Received a gift from Okawaru
 26023 | Spider:2 | Received a gift from Okawaru
 26036 | Spider:2 | Reached skill level 21 in Unarmed Combat
 26045 | Spider:2 | Got a bloodstained morningstar {god gift}
 26046 | Spider:2 | Identified the +4 morningstar "Atigeunu" {pain, rN+ MR- Int+3 Dex+3} (Okawaru gifted it to you on level 2 of the Spider Nest)
 27157 | Spider:3 | Received a gift from Okawaru
 27167 | Spider:3 | Got a crude dagger {god gift}
 27168 | Spider:3 | Identified the +5 dagger "Fuextone" {drain, *Rage +Fly rElec Dex+6} (Okawaru gifted it to you on level 3 of the Spider Nest)
 27971 | Spider:4 | Entered Level 4 of the Spider Nest
 28319 | Spider:4 | Noticed Arachne
 28342 | Spider:3 | Killed Arachne
 28342 | Spider:3 | Received a gift from Okawaru
 28342 | Spider:3 | Reached skill level 22 in Unarmed Combat
 28466 | Spider:4 | Noticed Donald
 28549 | Spider:3 | Killed Donald
 28811 | Spider:4 | Received a gift from Okawaru
 28863 | Spider:4 | Reached XP level 17. HP: 138/146 MP: 13/16
 29540 | Spider:4 | Got a gossamer rune of Zot
 29716 | Spider:1 | Reached skill level 23 in Unarmed Combat
 29976 | Depths:1 | Entered Level 1 of the Depths
 30095 | Depths:1 | Found a flickering gateway to a bazaar.
 30110 | Bazaar   | Entered a bazaar
 30128 | Bazaar   | Found Ytzyv's Food Shop.
 30141 | Bazaar   | Found Zylaokh's Gadget Shop.
 30168 | Bazaar   | Found Zief's Weapon Shop.
 30168 | Bazaar   | Found Zyub's Book Boutique.
 30289 | Depths:1 | Received a gift from Okawaru
 30547 | Depths:1 | Found a gateway to Hell.
 30577 | Depths:1 | Noticed HumanBeing's ghost (journeyman HuBe)
 30660 | Depths:1 | Killed HumanBeing's ghost
 30755 | Depths:1 | Gained mutation: You possess an exceptional clarity of mind. [mutagenic meat]
 30757 | Depths:1 | Gained mutation: Your muscles are strong. (Str +2) [mutagenic meat]
 30758 | Depths:1 | Gained mutation: Scrolls take you a little longer to read. [mutagenic meat]
 30797 | Depths:1 | Lost mutation: You possess an exceptional clarity of mind. [mutagenic meat]
 30802 | Depths:1 | Gained mutation: You possess an exceptional clarity of mind. [mutagenic meat]
 30830 | Depths:1 | Gained mutation: You have a pair of small antennae on your head. [mutagenic meat]
 30836 | Depths:1 | Found a one-way gate leading to the halls of Pandemonium.
 31066 | Depths:1 | Reached skill level 24 in Unarmed Combat
 31083 | Depths:1 | Gained mutation: Your spells are a little harder to cast, but a little more powerful. [mutagenic meat]
 31173 | Depths:1 | Gained mutation: Your magical capacity is low. (-10% MP) [mutagenic meat]
 31175 | Depths:1 | Lost mutation: Scrolls take you a little longer to read. [mutagenic meat]
 31473 | Depths:1 | Got a coiled iron ring
 31475 | Depths:1 | Identified the ring "Peost" {+Fly rC+ Dex+4} (You acquired it on level 1 of the Depths)
 31629 | Depths:1 | Upgraded the game from 0.19-a0-1937-g70ed36a to 0.20-a0
 31645 | Depths:2 | Found Aheygumi's Armour Shoppe.
 31667 | Depths:2 | Reached XP level 18. HP: 154/154 MP: 15/15
 31829 | Depths:2 | Received a gift from Okawaru
 31855 | Depths:2 | Received a gift from Okawaru
 31944 | Depths:2 | Lost mutation: Your muscles are strong. (Str +2) [mutagenic meat]
 31945 | Depths:2 | Lost mutation: Your magical capacity is low. (-10% MP) [mutagenic meat]
 31947 | Depths:2 | Lost mutation: Your mind is very acute. (Int +4) [mutagenic meat]
 32027 | Depths:2 | Gained mutation: You can translocate small distances at will. [mutagenic meat]
 32028 | Depths:2 | Gained mutation: You are robust. (+10% HP) [mutagenic meat]
 32764 | Swamp:1  | Entered Level 1 of the Swamp
 33476 | Depths:2 | Gained mutation: Armour fits poorly on your strangely shaped body. [mutagenic meat]
 33601 | Depths:2 | HP: 7/169 [ettin/dire flail (33)]
 33601 | Depths:2 | Mangled by an ettin

Vault maps used:
D:1:      lightli_arrival_maybe_door_vault
D:2:      ecumenical_altar_1, nemelex_altar_shiori
D:3:      roderic_lattice_a, feat_on_display
D:4:      serial_bayou, serial_bayou_lagoon_a, serial_bayou_shore_b,
          serial_bayou_ford_a, serial_bayou_lake_a, serial_bayou_crossing,
          serial_bayou_pond_d
D:5:      first_bread, lightli_ossuary_entry_decrepit_ruins, uniq_duvessa
D:6:      gup_sewer_entry_glass, uniq_eustachio
D:9:      nicolae_wwwww, uniq_erolcha
D:10:     minmay_lair_entry_lava, blue_anna_alchemist, uniq_harold
D:12:     orc_0_dummy, minivault_22, nicolae_island_escapes
D:13:     grunt_vaults_entry_tiered, uniq_rupert
D:14:     lemuel_vampire_tower, minivault_24, uniq_agnes
D:15:     grunt_enter_depths_giant_problem, serial_shops, freezing_bzr
Temple:   roderic_octagonal_lattice_temple
Lair:1:   beast_lair_carwin_3
Lair:2:   minmay_swamp_entry_worms, nicolae_volcano_entry_batcave
Lair:3:   spider_nest_entry_funnel_web, lab_entry_generic
Lair:4:   minivault_25
Lair:5:   grunt_megastairs_5
Lair:6:   evilmike_catoblepas_cave, slime_dummy
Swamp:1:  infiniplex_staircase_pool
Spider:1: portal_ice_cave_entry_ice_statue_one, nicolae_spider_webbed_stairs,
          hangedman_spider_tarantella_strand
Spider:2: cheibrodos_forgotten_conduit, nicolae_orb_island,
          nicolae_spider_cling_halls
Spider:4: grunt_spider_rune_circles, uniq_arachne, uniq_donald
Orc:2:    grunt_orc_tribal_feast, basic_altar, uniq_azrael
Depths:1: hangedman_abyss_or_decor_passed, grunt_pan_entry_in_and_out,
          hell_entry, infiniplex_enter_wizlab_spiral, serial_shops,
          bzr_entry_road, lightli_fourway_metalbox
Depths:2: minmay_concentric_multi, serial_curves, eino_curves_02,
          eino_curves_01, eino_curves_04, hangedman_coc_ice_floe, serial_shops,
          shop, kennysheep_another_room, infiniplex_staircase_zigzag_3
Lab:      labyrinth_spiral, lab_fountain, lab_statue, nicolae_lab_do_over,
          nicolae_lab_stuck, labyrinth_glass_2, labyrinth_lava_lair,
          labyrinth_fake_exit, lab_hedge, nicolae_lab_diamond
Bazaar:   bazaar_jpeg_circle_common, bazaar_jpeg_honeycomb
Sewer:    sewer_frog_island_02
Volcano:  volcano_village

Skill      XL: |  1  2  3  4  5  6  7  8  9 10 11 12 13 14 15 16 17 |
---------------+----------------------------------------------------+-----
Unarmed Combat | 4 5 6 8 9 10 11 13 14 16 17 18 20 22 24 | 24.9
Throwing       | 2 5 6 |  6.1
Armour         | 3 6 9 10 | 10.9
Shields        | 6 9 |  9.4
Dodging        | 5 |  5.0
Fighting       | 4 |  4.6
Stealth        | |  1.0

Action                   |  1- 3 |  4- 6 |  7- 9 | 10-12 | 13-15 | 16-18 || total
-------------------------+-------+-------+-------+-------+-------+-------++-------
Melee: Unarmed           |    92 |   135 |   429 |   754 |  1533 |  1215 ||  4158
       Punch             |     1 |     4 |    12 |    48 |    19 |       ||    84
       Giant spiked club |       |       |       |     6 |       |       ||     6
       Kick              |       |       |       |    37 |   126 |   548 ||   711
       Great mace        |       |       |       |       |    32 |       ||    32
       Dagger            |       |       |       |       |       |     3 ||     3
Throw: Tomahawk          |       |       |       |    10 |    51 |    24 ||    85
       Javelin           |       |       |       |    10 |    50 |     4 ||    64
       Throwing net      |       |       |       |     2 |       |       ||     2
       Large rock        |       |       |       |       |       |    10 ||    10
Invok: Heroism           |       |       |     1 |    13 |    17 |    25 ||    56
       Finesse           |       |       |       |       |     1 |     1 ||     2
 Abil: Blink             |       |       |       |       |       |     1 ||     1
  Use: Scroll            |       |       |       |     7 |    23 |    12 ||    42
       Potion            |       |       |       |    10 |     6 |    13 ||    29
 Stab: Sleeping          |     4 |     3 |       |       |       |     1 ||     8
       Distracted        |       |       |       |     1 |       |       ||     1
       Invisible         |       |       |       |       |       |    10 ||    10
  Eat: Chunk             |     9 |    20 |    27 |    72 |   115 |    89 ||   332
       Bread ration      |       |     1 |       |       |       |     1 ||     2
       Meat ration       |       |       |       |       |     2 |     2 ||     4
       Fruit             |       |       |       |       |       |     2 ||     2
       Beef jerky        |       |       |       |       |       |     5 ||     5
       Royal jelly       |       |       |       |       |       |     1 ||     1
Armor: Robe              |    32 |    26 |       |       |       |       ||    58
       Ice dragon scales |       |     6 |   218 |   338 |   632 |   484 ||  1678
Dodge: Dodged            |    48 |    53 |   163 |   254 |   452 |   391 ||  1361
Block: Shield            |       |       |       |       |   798 |   896 ||  1694
       Reflection        |       |       |       |       |    38 |    11 ||    49
       Other             |       |       |       |       |     4 |       ||     4
